 Dungeon Crawl Stone Soup version 0.24-a0-530-g18ba70b503 (webtiles) character file.

Game seed: 5297131077155585203

83 Zeege the Vexing (level 4, -2/34 HPs)
             Began as a Gnoll Arcane Marksman on Aug 6, 2019.
             Was a Follower of Elyvilon.
             Succumbed to an orc wizard's poison
             ... on level 3 of the Dungeon on Aug 7, 2019.
             The game lasted 00:27:35 (2376 turns).

Zeege the Vexing (Gnoll Arcane Marksman)            Turns: 2376, Time: 00:27:36

Health: -2/34      AC:  2    Str: 13    XL:     4   Next: 44%
Magic:  6/8        EV: 15    Int: 16    God:    Elyvilon [*.....]
Gold:   163        SH:  0    Dex: 15    Spells: 6/9 levels left

rFire    . . .     SeeInvis .   h - +0 short sword
rCold    . . .     Gourm    .   (no shield)
rNeg     . . .     Faith    .   e - +0 robe
rPois    .         Spirit   .   (no helmet)
rElec    .         Reflect  .   (no cloak)
rCorr    .         Harm     .   (no gloves)
MR       +....                  (no boots)
Stlth    ++........             (no amulet)
HPRegen  0.11/turn              o - ring of protection from magic
MPRegen  0.11/turn              (no ring)

@: lethally poisoned (-2 -> -33)
A: distributed training, fangs 1, strong nose
a: Lesser Healing, Divine Protection, Renounce Religion


You were on level 3 of the Dungeon.
You worshipped Elyvilon.
Elyvilon was aware of your devotion.
You were hungry.

You visited 1 branch of the dungeon, and saw 3 of its levels.

You collected 163 gold pieces.

Inventory:

Hand Weapons
 a - a +0 shortbow
 h - a +0 short sword (weapon)
Missiles
 g - 101 stones
 l - 3 poisoned darts (quivered)
 p - an arrow
Armour
 e - a +0 robe (worn)
 i - a +0 robe
Jewellery
 o - a ring of protection from magic (left hand)
 r - an uncursed ring of teleportation
Scrolls
 m - a scroll of teleportation {unknown}
 n - a scroll of blinking {unknown}
 s - 2 scrolls of amnesia {unknown}
 t - a scroll of remove curse
 u - a scroll of identify
Potions
 b - a potion of degeneration {unknown}
 c - a potion of ambrosia {unknown}
 j - a potion of haste {unknown}
 k - a potion of lignification {unknown}
 q - 2 potions of curing {unknown}
Comestibles
 d - 4 chunks of flesh
 f - 6 rations


   Skills:
 + Level 2.7 Fighting
 + Level 1.1 Short Blades
 + Level 1.1 Long Blades
 + Level 1.1 Axes
 + Level 1.1 Maces & Flails
 + Level 1.1 Polearms
 + Level 1.1 Staves
 + Level 1.1 Slings
 + Level 4.6 Bows
 + Level 1.1 Crossbows
 + Level 1.1 Throwing
 + Level 1.1 Armour
 + Level 4.6 Dodging
 + Level 1.1 Stealth
 + Level 1.1 Shields
 + Level 1.1 Unarmed Combat
 + Level 3.0 Spellcasting
 + Level 0.8 Conjurations
 + Level 5.4 Hexes
 + Level 0.8 Charms
 + Level 0.8 Summonings
 + Level 0.8 Necromancy
 + Level 0.8 Translocations
 + Level 0.8 Transmutations
 + Level 0.8 Fire Magic
 + Level 0.8 Ice Magic
 + Level 0.8 Air Magic
 + Level 0.8 Earth Magic
 + Level 0.8 Poison Magic
 + Level 1.2 Invocations
 + Level 1.1 Evocations


You had 6 spell levels left.
You knew the following spells:

 Your Spells              Type           Power        Failure   Level  Hunger
a - Corona                Hex            ###....      1%          1    #......
b - Slow                  Hex            ###.....     3%          2    ##.....

Your spell library contained the following spells:

 Spells                   Type           Power        Failure   Level  Hunger
 Inner Flame              Hex/Fire       ##......     16%         3    ###....
 Portal Projectile        Hex/Tloc       ##....       16%         3    ###....
 Cause Fear               Hex            ###.......   21%         4    #####..
 Leda's Liquefaction      Hex/Erth       ##........   45%         4    #####..


Dungeon Overview and Level Annotations

Branches:
Dungeon (3/15)

Altars:
Elyvilon
Okawaru
Wu Jian
Yredelemnul


Innate Abilities, Weirdness & Mutations

Your experience applies equally to all skills.
You have very sharp teeth.
Your uncanny sense of smell can sniff out nearby items.


Message History

You throw a poisoned dart.
The poisoned dart misses the orc wizard.
* * * LOW HITPOINT WARNING * * *
You feel sick.
You kill the orc!
The orc wizard hits you but does no damage.
The orc priest calls upon Beogh to heal the orc wizard.
The orc wizard's wounds heal themselves!
Throwing (i - inventory. (/) - cycle)
l - 4 poisoned darts (quivered)
Press: ? - help, Shift-Dir - straight line, f/p - orc wizard
Aim: an orc wizard, wielding a +2 dagger of venom and wearing a +0 robe (fast)
You throw a poisoned dart.
The poisoned dart closely misses the orc wizard.
* * * LOW HITPOINT WARNING * * *
You feel sick.
The orc wizard hits you with a +2 dagger of venom.
* * * LOW HITPOINT WARNING * * *
You are more poisoned.
The orc priest begins to cast a cantrip, but forgets the words!
You die...

##.........###)##.# #..##
###..........# #.##.# #...
....#........# #.##.# #..#
###..........# #)##.# #..#
####......#.## #.##.# #..#
#................##.########..#
.รท###.....#.#######.........o.#
..........#.################.##
#.#########.....@.##########.#
.... #######o?ob[...((..# #.###
############## #.# #.# #.#


You could see an orc priest, an orc wizard and a bat.

Vanquished Creatures
  An ooze (D:1)
  A worm (D:3)
  2 dart slugs
  6 orcs (D:3)
  6 bats
  6 giant cockroaches
  5 goblins
  7 hobgoblins
  3 jackals (D:3)
  3 ball pythons
  5 frilled lizards
  9 kobolds
  A leopard gecko skeleton (D:2)
  5 rats
60 creatures vanquished.

Notes
Turn   | Place    | Note
-------+----------+-------------------------------------------
     0 | D:1      | Zeege the Gnoll Arcane Marksman began the quest for the
                  | Orb.
     0 | D:1      | Reached XP level 1. HP: 17/17 MP: 4/4
   162 | D:1      | Reached XP level 2. HP: 23/23 MP: 5/5
   331 | D:1      | Learned a level 2 spell: Slow
   575 | D:1      | Upgraded the game from 0.24-a0-528-g98e85ec62a to
                  | 0.24-a0-530-g18ba70b503
   743 | D:1      | Reached XP level 3. HP: 25/28 MP: 1/7
  1497 | D:2      | Reached skill level 1 in Invocations
  1548 | D:2      | Found an iron altar of Okawaru.
  1702 | D:2      | Found an ornate altar of the Wu Jian Council.
  1703 | D:2      | Found a basalt altar of Yredelemnul.
  1751 | D:2      | Reached skill level 1 in Short Blades
  1751 | D:2      | Reached skill level 1 in Long Blades
  1751 | D:2      | Reached skill level 1 in Axes
  1751 | D:2      | Reached skill level 1 in Maces & Flails
  1751 | D:2      | Reached skill level 1 in Polearms
  1751 | D:2      | Reached skill level 1 in Staves
  1751 | D:2      | Reached skill level 1 in Slings
  1751 | D:2      | Reached skill level 1 in Crossbows
  1751 | D:2      | Reached skill level 1 in Throwing
  1751 | D:2      | Reached skill level 1 in Armour
  1751 | D:2      | Reached skill level 1 in Stealth
  1751 | D:2      | Reached skill level 1 in Shields
  1751 | D:2      | Reached skill level 1 in Unarmed Combat
  1751 | D:2      | Reached skill level 1 in Evocations
  1822 | D:2      | Found a faded altar of an unknown god.
  1832 | D:2      | Became a worshipper of Elyvilon the Healer
  1832 | D:2      | Reached * piety under Elyvilon
  2052 | D:3      | Reached XP level 4. HP: 32/34 MP: 8/8
  2375 | D:3      | HP: 1/34 [orc wizard/+2 dagger of venom (1)]
  2376 | D:3      | Succumbed to an orc wizard's poison

Levels and vault maps discovered:
D:1:      dpeg_chamrin_arrival_tetris, layout_basic
D:2:      layout_loops_ring, gammafunk_temple_overflow_statue,
          chequers_ecumenical_altar_lobes, okawaru_altar_gauntlet_db
D:3:      layout_loops_ring, fedhas_altar_2, minmay_misc_feat_encased,
          uniq_grinder

Skill      XL: |  1  2  3  4 |
---------------+-------------+-----
Invocations    | 1 |  1.2
Short Blades   | 1 |  1.1
Long Blades    | 1 |  1.1
Axes           | 1 |  1.1
Maces & Flails | 1 |  1.1
Polearms       | 1 |  1.1
Staves         | 1 |  1.1
Slings         | 1 |  1.1
Crossbows      | 1 |  1.1
Throwing       | 1 |  1.1
Armour         | 1 |  1.1
Stealth        | 1 |  1.1
Shields        | 1 |  1.1
Unarmed Combat | 1 |  1.1
Evocations     | 1 |  1.1
Spellcasting   | 3 |  3.0
Fighting       | |  2.7
Bows           | |  4.6
Dodging        | |  4.6
Conjurations   | |  0.8
Hexes          | |  5.4
Charms         | |  0.8
Summonings     | |  0.8
Necromancy     | |  0.8
Translocations | |  0.8
Transmutations | |  0.8
Fire Magic     | |  0.8
Ice Magic      | |  0.8
Air Magic      | |  0.8
Earth Magic    | |  0.8
Poison Magic   | |  0.8

Action                   |  1- 3 |  4- 6 || total
-------------------------+-------+-------++-------
Melee: Short sword       |     2 |    46 ||    48
       Bite              |       |    10 ||    10
       Punch             |       |     1 ||     1
 Fire: Shortbow          |   104 |       ||   104
Throw: Stone             |     6 |       ||     6
       Dart              |     4 |    13 ||    17
 Cast: Slow              |     8 |     1 ||     9
       Corona            |     1 |       ||     1
Invok: Lesser Healing    |       |     4 ||     4
  Use: Scroll            |     3 |       ||     3
 Stab: Sleeping          |       |     3 ||     3
  Eat: Chunk             |     4 |     1 ||     5
Armor: Robe              |     9 |    13 ||    22
Dodge: Dodged            |    39 |    59 ||    98

Table legend:
 A = Non-vault XP
 B = Vault XP
 C = Vault XP percentage of total XP
 D = Non-vault monster count
 E = Vault monster count
 F = Vault count percentage of total count
                 A         B        C        D         E       F
            +---------+---------+-------+---------+---------+-------
      Total |     107 |      12 |  10.1 |      54 |       6 |  10.0
            +---------+---------+-------+---------+---------+-------
        D:1 |      44 |       0 |   0.0 |      25 |       0 |   0.0
        D:2 |      22 |      12 |  35.3 |      12 |       6 |  33.3
        D:3 |      41 |       0 |   0.0 |      17 |       0 |   0.0
            +---------+---------+-------+---------+---------+-------
